 Dungeon Crawl Stone Soup version 0.31.0-11-ge490571c62 (webtiles) character file.

Game seed: 6991441937213454850

1871 qw the Skirmisher (level 8, -3/40 HPs)
             Began as a Spriggan Hunter on Feb 3, 2024.
             Was an Initiate of Okawaru.
             Slain by a water moccasin (9 damage)
             ... on level 6 of the Dungeon.
             The game lasted 00:00:23 (4975 turns).

qw the Skirmisher (Spriggan Hunter)                 Turns: 4975, Time: 00:00:23

Health: -3/40      AC:  3    Str:  7    XL:     8   Next: 90%
Magic:  9/9        EV: 24    Int: 11    God:    Okawaru [......]
Gold:   338        SH:  0    Dex: 20    Spells: 7/7 levels left

rFire   . . .        i - +0 orcbow
rCold   . . .        (shield currently unavailable)
rNeg    . . .        c - +0 robe
rPois   .            (helmet restricted)
rElec   .            g - +0 cloak
rCorr   .            (gloves unavailable)
SInv    +            (boots unavailable)
Will    +....        (no amulet)
Stlth   ++           (no ring)
HPRegen 0.26/turn    (no ring)
MPRegen 0.11/turn

%: no passive effects
@: lethally poisoned (-3 -> -5), very quick
A: very small, no large weapons, unfitting armour, see invisible, speed 3
a: Renounce Religion


You were on level 6 of the Dungeon.
You worshipped Okawaru.
Okawaru was noncommittal.
You visited 2 branches of the dungeon, and saw 7 of its levels.

You collected 338 gold pieces.


Innate Abilities, Weirdness & Mutations

You are very small and have problems with some larger weapons.
You are too small for most types of armour.
You have supernaturally acute eyesight. (SInv)
You cover ground extremely quickly. (Speed+++)


   Skills:
 - Level 3.4 Fighting
 + Level 9.5 Ranged Weapons
 - Level 9.2 Dodging
 - Level 1.5 Stealth


You had 7 spell levels left.
You didn't know any spells.
Your spell library was empty.

Inventory:

Hand Weapons
 i - a +0 orcbow (weapon)
Armour
 c - a +0 robe (worn)
 g - a +0 cloak (worn)
Jewellery
 j - a ring of fire
Wands
 a - a wand of acid (10) (quivered)
 b - a wand of charming (13)
Potions
 d - a potion of curing
 e - a potion of enlightenment
 k - a potion of mutation

Dungeon Overview and Level Annotations

Branches:
Dungeon (6/15)             Temple (1/1) D:4

Altars:
Cheibriados
Dithmenos
Hepliaklqana
Kikubaaqudgha
Makhleb
Okawaru
Vehumet
Wu Jian
The Shining One

Shops:
D:4 :

Annotations:
D:6 Maggie


Message History

The arrow completely misses the water moccasin.
Maggie shouts!
You feel very sick.
Maggie zaps a wand.
The puff of flame misses you. The water moccasin misses you.
You shoot an arrow.
The arrow closely misses the water moccasin.
You feel sick. The water moccasin bites you. The water moccasin bites you!
4971 ||| DRINKING potion of heal wounds.
You feel much better.
You feel sick. The water moccasin bites you.
Maggie zaps a wand.
The puff of flame misses you.
4972 ||| ZAPPING wand of acid (14) at 0,-5 (Maggie; floor).
Aiming: Corrosive Bolt
Press: ? - help, Q - select action, (/) - cycle Shift-Dir - straight line, f - Maggie, p - water moccasin The bolt of acid hits Maggie.
Maggie is lightly wounded.
You feel sick. The water moccasin closely misses you.
Maggie zaps a wand.
The puff of flame hits you!
4973 ||| ZAPPING wand of acid (13) at 0,-5 (Maggie; floor).
Aiming: Corrosive Bolt
Press: ? - help, Q - select action, (/) - cycle Shift-Dir - straight line, f/p - Maggie The bolt of acid hits Maggie.
Maggie is moderately wounded.
You feel sick.
The water moccasin completely misses you.
The water moccasin misses you. Maggie gestures at you while chanting.
The bolt of fire misses you.
4974 ||| ZAPPING wand of acid (12) at 0,-5 (Maggie; floor).
Aiming: Corrosive Bolt
Press: ? - help, Q - select action, (/) - cycle Shift-Dir - straight line, f/p - Maggie The bolt of acid hits Maggie.
Maggie is moderately wounded.
You feel sick. The water moccasin misses you.
4975 ||| ZAPPING wand of acid (11) at 0,-4 (Maggie; floor).
Aiming: Corrosive Bolt
Press: ? - help, Q - select action, (/) - cycle Shift-Dir - straight line, f/p - Maggie The bolt of acid misses Maggie.
You feel sick. The water moccasin bites you!
You die...

.... #... #..#
#@.# ### #..#
....
#.###..#.....
#[..S........
#@# #.# #.# #.#
#.# #.#
#.############
#.>..........#
############.###


You could see Maggie and a water moccasin.

Vanquished Creatures
  Sigmund (D:4)
  2 black bears
  2 ice beasts (D:5)
  A centaur (D:6)
  3 phantoms
  A bullfrog (D:6)
  5 wights (D:5)
  A howler monkey (D:6)
  A bombardier beetle (D:4)
  2 orc priests
  4 hounds
  A jelly (D:5)
  3 iguanas
  3 orc wizards
  12 adders
  7 gnolls
  A shadow imp (D:6)
  A ribbon worm (D:2)
  A dart slug (D:1)
  11 orcs
  9 endoplasms
  4 giant cockroaches
  14 goblins
  3 hobgoblins
  3 jackals (D:5)
  11 kobolds
  2 quokkas
  8 ball pythons
  6 bats
  7 frilled lizards
  5 rats
135 creatures vanquished.

Notes
Turn   | Place    | Note
-------+----------+-------------------------------------------
     0 | D:1      | qw the Spriggan Hunter began the quest for the Orb.
     0 | D:1      | Reached XP level 1. HP: 10/10 MP: 2/2
     0 | D:1      | 0 ||| qw: Version: 0.3-a-155-g5e7d8dd
     0 | D:1      | 0 ||| qw: Game counter: 3428
     0 | D:1      | 0 ||| qw: Melee chars always use a shield: true
     0 | D:1      | 0 ||| qw: God list: Okawaru
     0 | D:1      | 0 ||| qw: Allow faded altars: false
     0 | D:1      | 0 ||| qw: Do Orc after clearing Dungeon:15 true
     0 | D:1      | 0 ||| qw: Do second Lair branch before Depths: true
     0 | D:1      | 0 ||| qw: Lair rune preference: random
     0 | D:1      | 0 ||| qw: Goals: Normal
     0 | D:1      | 0 ||| PLANNING D:1-11
    34 | D:1      | Reached skill level 3 in Dodging
    64 | D:1      | Reached XP level 2. HP: 14/14 MP: 3/3
   241 | D:1      | Found a faded altar of an unknown god.
   405 | D:1      | Reached XP level 3. HP: 18/18 MP: 4/4
   622 | D:1      | 622 ||| UPGRADING to +0 cloak.
   627 | D:1      | 627 ||| READING scroll labelled RUECAX HUZIOTI.
   628 | D:1      | 628 ||| READING scroll labelled QAISIA SERARU.
   628 | D:1      | 628 ||| ENCHANTING +0 shortbow.
   629 | D:1      | 629 ||| DROPPING scroll of butterflies.
  1253 | D:2      | Reached XP level 4. HP: 22/22 MP: 5/5
  1596 | D:2      | 1596 ||| READING scroll labelled RUGILI NOGA.
  1597 | D:2      | 1597 ||| DRINKING 2 lumpy golden potions.
  1653 | D:3      | 1653 ||| STAIRDANCE
  1681 | D:3      | 1681 ||| READING scroll of enchant weapon.
  1681 | D:3      | 1681 ||| ENCHANTING +1 shortbow.
  1821 | D:3      | Reached XP level 5. HP: 23/26 MP: 6/6
  2067 | D:3      | 2067 ||| READING 2 scrolls labelled TOS JAUMER.
  2067 | D:3      | 2067 ||| IDENTIFYING glowing grey potion
  2068 | D:3      | 2068 ||| READING scroll of identify.
  2068 | D:3      | 2068 ||| IDENTIFYING brown potion
  2069 | D:3      | 2069 ||| READING scroll labelled JETSYHUSTU.
  2070 | D:3      | 2070 ||| READING scroll labelled KYIWEL YMOLUMU.
  2071 | D:3      | 2071 ||| READING scroll labelled NUECKE LUAM.
  2072 | D:3      | 2072 ||| DROPPING potion of degeneration.
  2087 | D:4      | 2087 ||| STAIRDANCE
  2093 | D:4      | 2093 ||| STAIRDANCE
  2278 | D:4      | Found Xeezxeic's Self-Published Books.
  2285 | D:4      | Reached skill level 6 in Ranged Weapons
  2290 | D:4      | 2290 ||| READING scroll of enchant weapon.
  2290 | D:4      | 2290 ||| ENCHANTING +2 shortbow.
  2447 | D:4      | Noticed Sigmund
  2456 | D:4      | Killed Sigmund
  2457 | D:4      | Reached XP level 6. HP: 30/30 MP: 7/7
  2467 | D:4      | Found an ornate altar of the Wu Jian Council.
  2546 | D:4      | Reached XP level 7. HP: 35/35 MP: 8/8
  2562 | D:4      | Found a staircase to the Ecumenical Temple.
  2563 | D:4      | 2563 ||| PLANNING TEMPLE
  2622 | Temple   | Entered the Ecumenical Temple
  2623 | Temple   | 2623 ||| PLANNING D:1-11
  3340 | D:4      | 3340 ||| READING 2 scrolls of identify.
  3340 | D:4      | 3340 ||| IDENTIFYING glowing inky potion
  3341 | D:4      | 3341 ||| READING scroll of identify.
  3341 | D:4      | 3341 ||| IDENTIFYING fuming cyan potion
  3342 | D:4      | 3342 ||| READING scroll labelled ITEPUWK XUFUTAYSS.
  3343 | D:4      | 3343 ||| READING scroll labelled ETIHO LI RYDEE.
  3444 | D:4      | 3444 ||| DRINKING 2 yellow potions.
  3445 | D:4      | 3445 ||| DROPPING potion of lignification.
  3446 | D:4      | 3446 ||| DROPPING potion of attraction.
  3474 | D:5      | Entered Level 5 of the Dungeon
  3538 | D:5      | 3538 ||| RETREEEEATING.
  3541 | D:5      | 3541 ||| FLEEEEING.
  3542 | D:5      | 3542 ||| FLEEEEING.
  3543 | D:5      | 3543 ||| FLEEEEING.
  3546 | D:5      | 3546 ||| FLEEEEING.
  3547 | D:5      | 3547 ||| FLEEEEING.
  3548 | D:5      | 3548 ||| FLEEEEING.
  3549 | D:5      | 3549 ||| FLEEEEING.
  3550 | D:5      | 3550 ||| STAIRDANCE
  3747 | D:5      | Reached skill level 3 in Fighting
  3747 | D:5      | Reached XP level 8. HP: 21/40 MP: 9/9
  4186 | D:5      | Reached skill level 9 in Ranged Weapons
  4227 | D:5      | Found an iron altar of Okawaru.
  4228 | D:5      | 4228 ||| PLANNING OKAWARU WORSHIP
  4228 | D:5      | 4228 ||| READING scroll of identify.
  4228 | D:5      | 4228 ||| IDENTIFYING sapphire potion
  4229 | D:5      | 4229 ||| READING 2 scrolls labelled ITIVVEL ENKUUL.
  4275 | D:5      | Became a worshipper of Warmaster Okawaru
  4276 | D:5      | 4276 ||| PLANNING D:1-11
  4301 | D:5      | 4301 ||| READING scroll of identify.
  4301 | D:5      | 4301 ||| IDENTIFYING viscous purple potion
  4302 | D:5      | 4302 ||| DROPPING potion of berserk rage.
  4495 | D:6      | 4495 ||| FLEEEEING.
  4496 | D:6      | 4496 ||| FLEEEEING.
  4497 | D:6      | 4497 ||| FLEEEEING.
  4498 | D:6      | 4498 ||| FLEEEEING.
  4499 | D:6      | 4499 ||| FLEEEEING.
  4500 | D:6      | 4500 ||| FLEEEEING.
  4502 | D:6      | 4502 ||| FLEEEEING.
  4503 | D:6      | 4503 ||| FLEEEEING.
  4504 | D:6      | 4504 ||| FLEEEEING.
  4506 | D:6      | 4506 ||| FLEEEEING.
  4507 | D:6      | 4507 ||| FLEEEEING.
  4508 | D:6      | 4508 ||| FLEEEEING.
  4509 | D:6      | 4509 ||| FLEEEEING.
  4518 | D:6      | Reached skill level 9 in Dodging
  4603 | D:6      | 4603 ||| SWAPPING to +0 orcbow.
  4604 | D:6      | 4604 ||| DROPPING +3 shortbow.
  4730 | D:6      | Noticed Maggie
  4735 | D:6      | 4735 ||| FLEEEEING.
  4741 | D:6      | HP: 7/40 [Maggie/+2 scimitar of flaming (6)]
  4742 | D:6      | 4742 ||| READING scroll of teleportation.
  4743 | D:6      | 4743 ||| DRINKING potion of heal wounds.
  4967 | D:6      | HP: 9/40 [poisoned by a water moccasin]
  4968 | D:6      | 4968 ||| DRINKING 2 potions of heal wounds.
  4971 | D:6      | 4971 ||| DRINKING potion of heal wounds.
  4972 | D:6      | 4972 ||| ZAPPING wand of acid (14) at 0,-5 (Maggie; floor).
  4972 | D:6      | HP: 9/40 [Maggie/puff of flame (11)]
  4973 | D:6      | 4973 ||| ZAPPING wand of acid (13) at 0,-5 (Maggie; floor).
  4974 | D:6      | 4974 ||| ZAPPING wand of acid (12) at 0,-5 (Maggie; floor).
  4975 | D:6      | 4975 ||| ZAPPING wand of acid (11) at 0,-4 (Maggie; floor).
  4975 | D:6      | Slain by a water moccasin

Levels and vault maps discovered:
D:1:      lightli_arrival_maybe_door_vault, layout_loops_ring,
          shapermc_ecumenical_altar_mp_ritualfount
D:2:      layout_basic
D:3:      layout_rooms
D:4:      layout_layer_cave, nzn_wu_jian_contemplation,
          minmay_temple_entry_drinking_statues, nicolae_custom_books,
          uniq_sigmund
D:5:      layout_rooms, kennysheep_little_box
D:6:      layout_loops_ring, nemelex_dance_club_becter, serial_park_tiny_2,
          uniq_maggie, uniq_prince_ribbit1
Temple:   hellmonk_temple_two_chambers

Skill      XL: |  1  2  3  4  5  6  7  8 |
---------------+-------------------------+-----
Dodging        | 3 4 5 7 9 |  9.2
Ranged Weapons | 5 6 8 9 |  9.5
Fighting       | 2 3 |  3.4
Stealth        | |  1.5

Action                     |  1- 3 |  4- 6 |  7- 9 || total
---------------------------+-------+-------+-------++-------
   Fire: Shortbow          |    90 |   127 |   204 ||   421
         Orcbow            |       |       |    54 ||    54
  Evoke: Wand              |       |       |     4 ||     4
    Use: Scroll            |     2 |     8 |     8 ||    18
         Potion            |       |     1 |     4 ||     5
 Armour: Robe              |     9 |    18 |    47 ||    74
  Dodge: Dodged            |    27 |    39 |   111 ||   177

Table legend:
 A = Non-vault XP
 B = Vault XP
 C = Vault XP percentage of total XP
 D = Non-vault monster count
 E = Vault monster count
 F = Vault count percentage of total count
                 A         B        C        D         E       F
            +---------+---------+-------+---------+---------+-------
      Total |    2434 |     239 |   8.9 |     134 |       1 |   0.7
            +---------+---------+-------+---------+---------+-------
        D:1 |      47 |       0 |   0.0 |      26 |       0 |   0.0
        D:2 |      71 |       0 |   0.0 |      20 |       0 |   0.0
        D:3 |     142 |       0 |   0.0 |      26 |       0 |   0.0
        D:4 |     393 |     239 |  37.8 |      23 |       1 |   4.2
        D:5 |    1217 |       0 |   0.0 |      26 |       0 |   0.0
        D:6 |     564 |       0 |   0.0 |      13 |       0 |   0.0
            +---------+---------+-------+---------+---------+-------
